 Dungeon Crawl Stone Soup version 0.20-a0-277-g7db01f4 (webtiles) character file.

124834 snakesoul the Tortoise (level 16, -2/240 HPs)
             Began as a Minotaur Berserker on Dec 11, 2016.
             Was the Champion of Trog.
             Slain by a death yak simulacrum (10 damage)
             ... in an ice cave.
             The game lasted 00:53:47 (26425 turns).

snakesoul the Tortoise (Minotaur Berserker)        Turns: 26425, Time: 00:53:48

Health: -2/240     AC: 34    Str: 37    XL:     16   Next: 40%
Magic:  15/15      EV: 10    Int:  6    God:    Trog [******]
Gold:   2258       SH:  0    Dex: 18    Spells: 15/15 levels left

rFire  . . .     SeeInvis .     z - +9 spear of Aleotav {flame, MR+ Str+4 Int+2}
rCold  . . .     Gourm    +     b - +4 plate armour {MR+}
rNeg   . . .     Faith    .     (no shield)
rPois  +         Spirit   .     M - +1 hat
rElec  .         Reflect  .     O - +2 cloak {rPois}
rCorr  .         Harm     .     w - +2 pair of gloves
MR     +++..                    o - +1 pair of boots "Kamnui" {Slay+2}
Stlth  ..........               Z - amulet of the gourmand
                                Q - +2 ring of dexterity
                                t - +5 ring of strength

@: berserking, very quick
A: retaliatory headbutt, horns 2
a: Berserk, Trog's Hand, Brothers in Arms, Burn Spellbooks, Renounce Religion


You were in an ice cave.
You worshipped Trog.
Trog was exalted by your worship.
You were not hungry.

You visited 4 branches of the dungeon, and saw 24 of its levels.
You also visited: Ice Cave.

You collected 2258 gold pieces.

Inventory:

Hand Weapons
 z - the +9 spear of Aleotav (weapon) {flame, MR+ Str+4 Int+2}
   (You found it on level 4 of the Dungeon)

   It has been specially enchanted to burn those struck by it, causing extra
   injury to most foes and up to half again as much damage against particularly
   susceptible opponents.
   It affects your strength (+4).
   It affects your intelligence (+2).
   It affects your resistance to hostile enchantments.
 R - a +4 demon trident of venom
 U - a +6 antimagic battleaxe
Missiles
 l - 28 javelins (quivered)
 J - 30 tomahawks
Armour
 b - a +4 plate armour of magic resistance (worn)
 o - the +1 pair of boots "Kamnui" (worn) {Slay+2}
   (You acquired it on level 1 of the Lair of Beasts)

   It affects your accuracy and damage with ranged weapons and melee attacks
   (+2).
 w - a +2 pair of gloves (worn)
 K - the +0 cloak of the Original Sin {Str+2}
   (You acquired it on level 6 of the Lair of Beasts)

   It affects your strength (+2).
 M - a +1 hat (worn)
 O - a +2 cloak of poison resistance (worn)
Jewellery
 t - a +5 ring of strength (left hand)
 H - an uncursed ring of see invisible
 Q - a +2 ring of dexterity (right hand)
 Z - an amulet of the gourmand (around neck)
Wands
 n - a wand of slowing (26/48)
 B - a wand of digging (8/24)
 D - a wand of lightning (7/15)
 I - a wand of random effects (29/48)
 N - a wand of teleportation (4/9)
 P - a wand of random effects (16/48)
 S - a wand of lightning (9/15)
 T - a wand of iceblast (7/15)
 V - a wand of digging (12/24)
 W - a wand of polymorph (11/24)
Scrolls
 d - 6 scrolls of enchant weapon
 j - 4 scrolls of identify
 k - 3 scrolls of enchant armour
 p - 13 scrolls of remove curse
 s - 2 scrolls of fear {unknown}
 u - a scroll of holy word {unknown}
 y - 2 scrolls of recharging
 A - a scroll of magic mapping {unknown}
 E - a scroll of fog
 F - 6 scrolls of teleportation
 G - 2 scrolls of blinking
Potions
 a - a potion of magic
 e - 6 potions of heal wounds
 f - 3 potions of agility
 g - a potion of invisibility
 h - 2 potions of flight {unknown}
 m - 11 potions of curing
 C - a potion of resistance
 L - a potion of berserk rage {unknown}
 X - 2 potions of brilliance
Comestibles
 c - 17 bread rations
 i - 6 meat rations
 q - 5 slices of pizza
 r - 2 royal jellies
 v - 23 beef jerkies
 x - 14 fruits


   Skills:
 + Level 19.1 Fighting
 - Level 8.2(14.5) Axes
 + Level 18.5(19.0) Polearms
 * Level 19.4 Armour
 - Level 2.1 Dodging


You had 15 spell levels left.
You didn't know any spells.

Dungeon Overview and Level Annotations

Branches:
Dungeon (15/15)            Temple (0/1) D:4            Lair (6/6) D:11
 Shoals (0/4) Lair:2        Snake (1/4) Lair:3        Slime (0/5) Lair:5
    Orc (2/2) D:9             Elf (0/3) Orc:2        Vaults (0/5) D:14
 Depths (0/5) D:15

Altars:
Cheibriados
Dithmenos
Fedhas
Nemelex Xobeh
Okawaru
Qazlal
Ru
Sif Muna
Uskayaw
Yredelemnul
Beogh

Shops:
D:11 *   Orc:1 !   Orc:2 [[!:

Portals:
Trove: D:10 (give 4 potions of cure mutation)


Innate Abilities, Weirdness & Mutations

You reflexively headbutt those who attack you in melee.
You have a pair of horns on your head.


Message History

You are too injured to fight recklessly!
You puncture the ice devil! You burn the ice devil.
You kill the ice devil!
Trog accepts your kill.
You hit the ice devil. You burn the ice devil. You headbutt the ice devil!
The ice devil is moderately wounded.
You closely miss the ice devil. You headbutt the ice devil!
The ice devil is heavily wounded.
The ice devil hits you but does no damage.
You impale the ice devil!! You burn the ice devil.
You kill the ice devil!
Trog accepts your kill.
You hit the iron troll simulacrum.
You melt the iron troll simulacrum.
You headbutt the iron troll simulacrum.
The iron troll simulacrum is moderately damaged.
You puncture the iron troll simulacrum!
You melt the iron troll simulacrum.
You headbutt the iron troll simulacrum.
The iron troll simulacrum is severely damaged.
The death yak simulacrum gores you!
You die...

####. #.... ...... ...... ##
#.....# ###. #...Z## ###...
#.ZZ## #...## #@.## ##..#≈
##..##≈≈≈####.###≈
###..###≈≈≈##..##### ###
###...##≈≈≈≈≈≈##...##.
###.#####..##.#≈≈≈≈≈≈≈≈#..###.
###..#.##..#.#.≈≈≈≈≈≈≈≈≈≈###..##
#..####..####.#.##≈≈≈≈≈≈≈##..###
###..# #######..##≈≈≈≈≈≈≈##..###
#...## ###...#### #≈≈≈####...#


You could see a death yak simulacrum, an elephant simulacrum and an iron troll
simulacrum.

Vanquished Creatures
  Rupert (Lair:3)
  An Ice Fiend (IceCv)
  Frances (D:13)
  Gastronok (Lair:1)
  Louise (D:14)
  An orc warlord (Orc:1)
  Azrael (D:15)
  A dire elephant (Lair:6)
  Snorg (D:10)
  Josephine (D:10)
  Fannar (Orc:1)
  A rakshasa (D:14)
  9 hydras
  A naga warrior (Snake:1)
  2 vault guards (D:14)
  The ghost of kal9871 the Martial Artist, a journeyman DsAr of Nemelex Xobeh (Orc:2)
  An anaconda (Snake:1)
  A catoblepas (Lair:6)
  4 centaur warriors
  10 death yaks
  Urug (D:15)
  6 orc high priests (Orc:2)
  Sonja (D:11)
  An unseen horror (D:13)
  5 wizards
  11 hill giants
  3 lindwurms (Lair:6)
  A lindwurm (shapeshifter) (D:15)
  7 orc knights
  2 orc sorcerers
  6 deep elf magi
  10 ugly things
  A wolf spider zombie (D:15)
  2 necromancers
  An oklob plant (Lair:5)
  4 cyclopes
  3 manticores
  Maurice (D:11)
  A guardian serpent (D:9)
  2 elephants (Lair:6)
  7 black mambas
  2 torpor snails
  Joseph (D:7)
  11 spiny frogs
  An ice statue (IceCv)
  A gargoyle (D:14)
  A kobold demonologist (D:14)
  3 rime drakes (Lair:6)
  4 komodo dragons
  2 efreet
  2 freezing wraiths (IceCv)
  3 anaconda simulacra (IceCv)
  4 ice devils (IceCv)
  4 trolls
  A golden dragon simulacrum (IceCv)
  A wolf spider simulacrum (IceCv)
  A two-headed ogre (Orc:2)
  A meliai zombie (D:15)
  17 hippogriffs
  9 polar bears (Lair:6)
  4 slime creatures
  14 blink frogs
  7 dream sheep (Lair:6)
  Prince Ribbit (D:9)
  4 raiju (Lair:6)
  A shadow (D:15)
  A dire elephant simulacrum (IceCv)
  A spriggan (D:7)
  35 yaks
  3 wraiths (D:10)
  19 humans (D:14)
  4 basilisks
  A wyvern (D:15)
  4 fire elementals (D:15)
  6 hungry ghosts
  A steam dragon (Lair:2)
  4 vampire mosquitoes (D:14)
  Edmund (D:6)
  An iron troll simulacrum (IceCv)
  9 wargs
  A soldier ant (D:12)
  6 harpy simulacra (IceCv)
  A hydra simulacrum (IceCv)
  3 acid dragons
  7 water moccasins
  7 porcupines
  16 hell hounds
  12 black bears
  A hornet zombie (D:8)
  An alligator simulacrum (IceCv)
  12 ogres
  40 orc warriors
  An ettin simulacrum (IceCv)
  2 ice beasts
  3 sky beasts
  The ghost of Zorot the Chopper, an amateur MiBe of Trog (D:3)
  3 phantoms
  An eye of draining (D:14)
  A necrophage (D:12)
  16 centaurs
  23 wolves
  11 crocodiles
  A big kobold (D:8)
  24 bullfrogs
  A wyvern zombie (D:13)
  2 hornet simulacra (D:15)
  A wyvern skeleton (D:14)
  3 scorpions
  9 killer bees
  6 wights
  6 howler monkeys
  4 bullfrog zombies
  5 centaur zombies
  5 crimson imps
  2 draconian simulacra (IceCv)
  3 quasits
  4 jellies
  26 orc priests
  11 centaur skeletons
  7 hounds
  16 orc wizards
  A bullfrog skeleton (D:5)
  4 iguanas
  Natasha (thrice) (D:3)
  9 worker ants
  A troll simulacrum (IceCv)
  2 spriggan simulacra (IceCv)
  A wolf simulacrum (IceCv)
  A hound zombie (D:11)
  A hound skeleton (D:6)
  A mummy (D:9)
  A howler monkey zombie (D:5)
  A howler monkey skeleton (D:8)
  7 gnolls
  An ogre simulacrum (IceCv)
  15 adders
  5 naga simulacra (IceCv)
  7 shadow imps
  5 white imps (IceCv)
  8 ufetubi (IceCv)
  3 oozes
  An adder zombie (D:7)
  2 worms (D:2)
  4 dart slugs
  11 leopard geckos
  76 orcs
  5 giant cockroaches
  12 goblins
  6 hobgoblins
  17 jackals
  5 quokkas
  A ball python skeleton (D:4)
  4 bats
  5 frilled lizards
  19 kobolds
  A leopard gecko zombie (D:7)
  A quokka zombie (D:5)
  7 rats
  A bush (Lair:3)
  3 plants (Lair:6)
870 creatures vanquished.

Vanquished Creatures (others)
  3 white imps (IceCv)
  3 ufetubi (IceCv)
  2 fungi (Lair:6)
  8 plants
16 creatures vanquished.

Grand Total: 886 creatures vanquished

Notes
Turn   | Place    | Note
-------+----------+-------------------------------------------
     0 | D:1      | snakesoul the Minotaur Berserker began the quest for the Orb.
     0 | D:1      | Reached XP level 1. HP: 19/19 MP: 0/0
   249 | D:1      | Reached XP level 2. HP: 27/27 MP: 1/1
   855 | D:2      | Reached ** piety under Trog
   855 | D:2      | Reached XP level 3. HP: 34/34 MP: 2/2
  1150 | D:2      | Reached skill level 5 in Axes
  1157 | D:2      | Reached XP level 4. HP: 41/41 MP: 3/3
  1621 | D:2      | Reached skill level 5 in Fighting
  2054 | D:2      | Reached XP level 5. HP: 47/48 MP: 4/4
  2135 | D:3      | Noticed Zorot's ghost (amateur MiBe)
  2150 | D:3      | Killed Zorot's ghost
  2168 | D:3      | Noticed Natasha
  2174 | D:3      | Killed Natasha
  2504 | D:3      | Reached XP level 6. HP: 57/57 MP: 5/5
  2630 | D:3      | Reached *** piety under Trog
  2691 | D:3      | Noticed Natasha
  2701 | D:3      | Killed Natasha
  2801 | D:3      | Noticed Natasha
  2805 | D:3      | Killed Natasha
  3164 | D:4      | Found a staircase to the Ecumenical Temple.
  3382 | D:4      | Reached XP level 7. HP: 15/64 MP: 6/6
  3698 | D:4      | Got a fine spear
  3699 | D:4      | Identified the +9 spear of Aleotav {flame, MR+ Str+4 Int+2} (You found it on level 4 of the Dungeon)
  4067 | D:5      | Entered Level 5 of the Dungeon
  4091 | D:5      | Reached skill level 1 in Polearms
  4211 | D:5      | Noticed a hippogriff
  4215 | D:5      | Killed a hippogriff
  4215 | D:5      | Reached **** piety under Trog
  4215 | D:5      | Reached XP level 8. HP: 56/73 MP: 7/7
  4313 | D:5      | Reached skill level 5 in Polearms
  4544 | D:5      | Found a deep blue altar of Sif Muna.
  4951 | D:6      | Noticed Edmund
  4963 | D:6      | Killed Edmund
  5295 | D:6      | Found a shadowy altar of Dithmenos.
  5328 | D:6      | Found a sacrificial altar of Ru.
  5371 | D:6      | Found a hide-covered altar of Uskayaw.
  5389 | D:6      | Found a blossoming altar of Fedhas.
  5405 | D:6      | Reached XP level 9. HP: 83/83 MP: 8/8
  5496 | D:6      | Found a sacrificial altar of Ru.
  5709 | D:7      | Noticed Joseph
  5725 | D:7      | Killed Joseph
  5725 | D:7      | Reached ***** piety under Trog
  5725 | D:7      | Reached skill level 10 in Polearms
  5817 | D:7      | Reached skill level 10 in Fighting
  5972 | D:7      | Found a stormy altar of Qazlal.
  6864 | D:8      | Found an iron altar of Okawaru.
  7553 | D:9      | Found a snail-covered altar of Cheibriados.
  7631 | D:9      | Noticed a guardian serpent
  7637 | D:9      | Killed a guardian serpent
  7637 | D:9      | Reached XP level 10. HP: 94/94 MP: 9/9
  7939 | D:9      | Found a staircase to the Orcish Mines.
  8305 | D:9      | Noticed Prince Ribbit
  8308 | D:9      | Killed Prince Ribbit
  8324 | D:9      | Found a roughly hewn altar of Beogh.
  8457 | D:10     | Entered Level 10 of the Dungeon
  8495 | D:10     | Received a gift from Trog
  8541 | D:10     | Noticed a hill giant
  8549 | D:10     | Killed a hill giant
  8666 | D:10     | Found a portal to a secret trove of treasure.
  8896 | D:10     | Noticed a hill giant
  8905 | D:10     | Killed a hill giant
  9036 | D:10     | Found a basalt altar of Yredelemnul.
  9070 | D:10     | Noticed Josephine
  9080 | D:10     | Killed Josephine
  9080 | D:10     | Reached XP level 11. HP: 104/104 MP: 10/10
  9199 | D:10     | Noticed Snorg
  9207 | D:10     | Killed Snorg
  9388 | D:11     | Found a sparkling altar of Nemelex Xobeh.
  9406 | D:11     | Noticed a deep elf mage
  9414 | D:11     | Killed a deep elf mage
  9414 | D:11     | Reached skill level 15 in Polearms
  9447 | D:11     | Identified the Almanac of Combed Thunderclap
  9454 | D:11     | Identified Ts'ui Pên's Papyrus of Forking Paths
  9475 | D:11     | Noticed a deep elf mage
  9480 | D:11     | Killed a deep elf mage
  9481 | D:11     | Noticed a deep elf mage
  9486 | D:11     | Killed a deep elf mage
  9491 | D:11     | Identified the Grimoire of Plaster Cramp
  9526 | D:11     | Noticed Maurice
  9532 | D:11     | Killed Maurice
  9550 | D:11     | Noticed a hill giant
  9556 | D:11     | Killed a hill giant
  9889 | D:11     | Found Denkut's Assorted Antiques.
  9895 | D:11     | Noticed Sonja
  9901 | D:11     | Killed Sonja
 10350 | D:11     | Found a staircase to the Lair.
 10829 | D:12     | Reached XP level 12. HP: 104/115 MP: 11/11
 10904 | D:12     | Noticed a centaur warrior
 10915 | D:12     | Killed a centaur warrior
 11352 | D:12     | Noticed an eight-headed hydra
 11358 | D:12     | Killed an eight-headed hydra
 11686 | D:12     | Received a gift from Trog
 12149 | Lair:1   | Entered Level 1 of the Lair of Beasts
 12308 | Lair:1   | Noticed a five-headed hydra
 12316 | Lair:1   | Killed a five-headed hydra
 12319 | Lair:1   | Noticed Gastronok
 12334 | Lair:1   | Killed Gastronok
 12584 | Lair:1   | Noticed a six-headed hydra
 12592 | Lair:1   | Killed a six-headed hydra
 12945 | Lair:1   | Identified a scroll of acquirement
 12948 | Lair:1   | Got a pair of spiked boots
 12954 | Lair:1   | Identified the +1 pair of boots "Kamnui" {Slay+2} (You acquired it on level 1 of the Lair of Beasts)
 12995 | Lair:1   | Gained mutation: Your natural rate of healing is unusually fast. [potion of mutation]
 12995 | Lair:1   | Gained mutation: You are clumsy. (Dex -2) [potion of mutation]
 12997 | Lair:1   | Gained mutation: You are partially covered in icy blue scales. (AC +2) [potion of beneficial mutation]
 13000 | Lair:1   | Lost mutation: Your natural rate of healing is unusually fast. [potion of cure mutation]
 13000 | Lair:1   | Lost mutation: You are partially covered in icy blue scales. (AC +2) [potion of cure mutation]
 13000 | Lair:1   | Lost mutation: You are clumsy. (Dex -2) [potion of cure mutation]
 13133 | Lair:2   | Found a staircase to the Shoals.
 13985 | Lair:3   | Reached XP level 13. HP: 125/125 MP: 12/12
 13992 | Lair:3   | Found a staircase to the Snake Pit.
 14055 | Lair:3   | Reached skill level 15 in Fighting
 14274 | Lair:3   | Noticed Rupert
 14276 | Lair:3   | Paralysed by Rupert for 5 turns
 14287 | Lair:3   | Killed Rupert
 14287 | Lair:3   | Reached skill level 10 in Armour
 14887 | Lair:3   | Received a gift from Trog
 16455 | Lair:5   | Reached XP level 14. HP: 138/138 MP: 13/13
 16586 | Lair:5   | Found a staircase to the Slime Pits.
 17085 | Orc:1    | Entered Level 1 of the Orcish Mines
 17377 | Orc:2    | Entered Level 2 of the Orcish Mines
 17383 | Orc:2    | Received a gift from Trog
 17411 | Orc:2    | Found a staircase to the Elven Halls.
 18288 | Orc:2    | Reached ****** piety under Trog
 18422 | Orc:2    | Received a gift from Trog
 18668 | Orc:2    | Reached skill level 15 in Armour
 18674 | Orc:2    | Found Dairroxo's Book Shoppe.
 18674 | Orc:2    | Found Kiorec's Antique Armour Shoppe.
 18680 | Orc:2    | Found Sekhlyh's Distillery.
 18680 | Orc:2    | Found Ycol's Antique Armour Shoppe.
 18869 | Orc:2    | Noticed kal9871's ghost (journeyman DsAr)
 18870 | Orc:2    | Noticed an orc warlord
 19004 | Orc:1    | Noticed Fannar
 19011 | Orc:1    | Killed Fannar
 19059 | Orc:1    | Found Ynkosh's Distillery.
 19233 | Orc:1    | Killed an orc warlord
 19386 | Orc:2    | Killed kal9871's ghost
 19787 | Lair:6   | Entered Level 6 of the Lair of Beasts
 20517 | Lair:6   | Reached XP level 15. HP: 148/148 MP: 14/14
 20923 | Lair:6   | Received a gift from Trog
 21854 | Lair:6   | Got a slimy cloak
 21865 | Lair:6   | Identified the +0 cloak of the Original Sin {Str+2} (You acquired it on level 6 of the Lair of Beasts)
 22249 | D:13     | Found a blossoming altar of Fedhas.
 22329 | D:13     | Noticed Frances
 22345 | D:13     | Killed Frances
 22645 | D:13     | Received a gift from Trog
 22946 | D:14     | Noticed Louise
 22959 | D:14     | Killed Louise
 23384 | D:14     | Found a gate to the Vaults.
 23532 | D:14     | Received a gift from Trog
 24333 | D:15     | Entered Level 15 of the Dungeon
 24333 | D:15     | Noticed Urug
 24350 | D:15     | Killed Urug
 24595 | D:15     | Reached XP level 16. HP: 159/159 MP: 15/15
 24749 | D:15     | Noticed Azrael
 24762 | D:15     | Killed Azrael
 24770 | D:15     | Received a gift from Trog
 25189 | D:15     | Found a staircase to the Depths.
 25595 | Snake:1  | Entered Level 1 of the Snake Pit
 25616 | Snake:1  | Found a frozen archway.
 25644 | IceCv    | Entered an ice cave
 26402 | IceCv    | Noticed an Ice Fiend
 26413 | IceCv    | HP: 4/160 [Ice Fiend (51)]
 26419 | IceCv    | Killed an Ice Fiend
 26425 | IceCv    | Slain by a death yak simulacrum

Vault maps used:
D:1:      dpeg_arrival_lava_temple_mockup
D:2:      st_stairs_10, minmay_cut_off
D:3:      serial_glass, glass_columns_a, glass_columns_b, item_on_display_a,
          serial_park_tiny_2, uniq_natasha
D:4:      first_bread
D:5:      kennysheep_six_static_rooms, lemuel_doored_altar
D:6:      lemuel_crystal_altar, grunt_dithmenos_smoke,
          nicolae_ru_the_path_less_chosen, lemuel_crystal_altar, serial_glass,
          glass_columns_b, glass_columns_a, glass_columns_a, glass_columns_c,
          glass_columns_b, glass_columns_a, basic_altar, uniq_edmund
D:7:      kennysheep_mini_moat, the_bakery, uniq_joseph
D:8:      okawaru_trees_1
D:9:      slow_altar_1, minmay_orc_entry_temple_small,
          nrook_guardian_serpent_ordinary, uniq_prince_ribbit1
D:10:     enter_trove_0, yredelemnul_altar_generic, uniq_josephine, uniq_snorg
D:11:     erik_lair_dragon, basic_altar, serial_shops, nicolae_shop_stone,
          bh_hangedman_babel_library, uniq_sonja, uniq_maurice
D:12:     bh_walls_and_bars
D:13:     fedhas_bush_and_centaur_altar, uniq_frances
D:14:     grunt_vaults_entry_tiered, kennysheep_decorative_pillar,
          lemuel_flamethrower_3, uniq_louise
D:15:     grunt_enter_depths_magical_seal, uniq_azrael, uniq_urug
Lair:1:   uniq_gastronok
Lair:2:   minmay_shoals_entry_beasts, beast_lair_carwin_4,
          infiniplex_staircase_pool_2
Lair:3:   dummy_snake_entry, minmay_hedge_maze, uniq_rupert
Lair:5:   dpeg_slime_entry_corner, beast_lair_carwin_7, lemuel_fruit_tree
Lair:6:   hangedman_lair_caniforms_friends, hangedman_lair_in_review
Snake:1:  portal_ice_cave_entry_pillars_2, serial_bayou_shore_a
Orc:1:    serial_shops, nicolae_shop_window_shopping, uniq_fannar
Orc:2:    st_orc_pillars
IceCv:    ice_cave_caverns_02

Skill      XL: |  1  2  3  4  5  6  7  8  9 10 11 12 13 14 15 16 |
---------------+-------------------------------------------------+-----
Axes           | 4 5 6 8 |  8.2
Fighting       | 4 5 6 7 9 10 12 13 14 16 17 18 19 | 19.1
Polearms       | 4 8 11 14 16 17 18 | 18.5
Armour         | 9 13 16 18 19 | 19.4
Dodging        | |  2.1

Action                   |  1- 3 |  4- 6 |  7- 9 | 10-12 | 13-15 | 16-18 || total
-------------------------+-------+-------+-------+-------+-------+-------++-------
Melee: Hand axe          |    92 |   134 |     3 |       |       |       ||   229
       Headbutt          |    14 |    29 |    40 |   100 |   379 |    66 ||   628
       Spear             |       |       |   235 |   453 |  1388 |   262 ||  2338
Throw: Javelin           |       |     1 |       |       |     4 |       ||     5
Invok: Berserk           |     1 |     3 |       |     6 |    15 |     3 ||    28
       Burn Spellbooks   |       |       |       |     4 |     3 |       ||     7
  Use: Scroll            |       |     2 |     3 |    18 |     8 |       ||    31
       Potion            |       |       |       |    14 |       |       ||    14
 Stab: Petrified         |       |       |       |       |     2 |       ||     2
       Petrifying        |       |       |       |       |     1 |       ||     1
       Distracted        |       |       |       |       |       |     1 ||     1
  Eat: Chunk             |     1 |    10 |    12 |    33 |    57 |     4 ||   117
       Bread ration      |       |       |     1 |     1 |       |       ||     2
Armor: Animal skin       |     6 |       |       |       |       |       ||     6
       Scale mail        |    30 |    38 |    30 |    43 |       |       ||   141
       Plate armour      |       |       |       |    28 |   417 |    86 ||   531
Dodge: Dodged            |    50 |    61 |    63 |    91 |   262 |    52 ||   579
